 Dungeon Crawl Stone Soup version 0.24.0-1-gfbc8707122 (webtiles) character file.

Game seed: 8897209782137967709, levelgen mode: deterministic

5106 LostNumber the Basher (level 10, -1/65 HPs)
             Began as a Gargoyle Gladiator on Oct 25, 2019.
             Was a High Priest of the Shining One.
             Slain by a two-headed ogre
             ... wielding a +0 dire flail
              (20 damage)
             ... on level 8 of the Dungeon.
             The game lasted 00:13:36 (7598 turns).

LostNumber the Basher (Gargoyle Gladiator)          Turns: 7598, Time: 00:13:37

Health: -1/65      AC: 18    Str: 21    XL:     10   Next: 57%
Magic:  14/14      EV:  8    Int:  9    God:    the Shining One [*****.]
Gold:   369        SH:  4    Dex: 11    Spells: 9/9 levels left

rFire    + . .     SeeInvis .   h - +4 hand axe (freeze)
rCold    . . .     Gourm    .   f - +0 buckler
rNeg     + + +     Faith    .   Q - +1 chain mail {rN+}
rPois    ∞         Spirit   .   c - +0 helmet
rElec    +         Reflect  .   (no cloak)
rCorr    +         Harm     .   B - +0 pair of gloves
MR       .....                  (no boots)
Stlth    ..........             (no amulet)
HPRegen  0.20/turn              i - ring of protection from fire
MPRegen  0.14/turn              S - ring of resist corrosion

@: glowing
A: negative energy resistance 1, electricity resistance, unbreathing,
petrification resistance, rot immunity, AC +7
a: Divine Shield, Cleansing Flame, Summon Divine Warrior, Renounce Religion


You were on level 8 of the Dungeon.
You worshipped the Shining One.
The Shining One was extremely pleased with you.
You were not hungry.

You visited 2 branches of the dungeon, and saw 9 of its levels.
You also visited: Ossuary.

You collected 408 gold pieces.
You spent 39 gold pieces at shops.

Inventory:

Hand Weapons
 a - a +0 flail
 h - a +4 hand axe of freezing (weapon)
   (You took it off Terence on level 2 of the Dungeon)
 k - a +5 whip
   (You took it off a kobold on level 1 of the Dungeon)
 I - a +2 scimitar of flaming
   (You took it off Erica on level 8 of the Dungeon)
Missiles
 d - 5 throwing nets (quivered) {!f}
Armour
 b - a +0 leather armour
 c - a +0 helmet (worn)
 f - a +0 buckler (worn)
   (You found it on level 1 of the Dungeon)
 m - a cursed -2 large shield
   (You found it on level 1 of the Dungeon)
 B - a +0 pair of gloves (worn)
   (You found it on level 7 of the Dungeon)
 P - a +0 chain mail
   (You took it off an orc on level 2 of the Dungeon)
 Q - a +1 chain mail of positive energy (worn)
   (You took it off an orc warrior on level 8 of the Dungeon)
Jewellery
 i - a ring of protection from fire (left hand)
   (You found it on level 2 of the Dungeon)
 S - a ring of resist corrosion (right hand)
   (You found it on level 8 of the Dungeon)
Wands
 t - a wand of flame (10)
   (You found it on level 8 of the Dungeon)
 u - a wand of paralysis (9)
   (You found it on level 5 of the Dungeon)
 x - a wand of acid (6)
   (You found it on level 6 of the Dungeon)
 R - a wand of enslavement (8)
   (You found it on level 8 of the Dungeon)
Scrolls
 l - 2 scrolls of fear
 n - 3 scrolls of magic mapping {unknown}
 o - 2 scrolls of immolation {unknown}
 p - 6 scrolls of teleportation {@r4}
 r - 5 scrolls of remove curse {@r2}
 s - a scroll of noise {unknown}
 v - 2 scrolls of blinking {unknown}
 w - 4 scrolls of enchant weapon
 y - 4 scrolls of fog {unknown}
 C - a scroll of identify {@r1}
 F - a scroll of vulnerability {unknown}
 G - a scroll of random uselessness {unknown}
Potions
 g - a potion of agility {unknown}
 j - 8 potions of curing {@q1}
 q - a potion of might {unknown}
 z - 2 potions of mutation {!q}
 A - 5 potions of resistance
 D - 2 potions of berserk rage
 E - a potion of degeneration {unknown}
 J - 3 potions of invisibility {unknown}
 K - a potion of cancellation {unknown}
 L - 2 potions of brilliance
 M - a potion of flight {unknown}
 N - a potion of haste {unknown}
 O - a potion of ambrosia {unknown}
Comestibles
 e - 15 rations {!d}
 H - 6 chunks of flesh


   Skills:
 + Level 8.8 Fighting
 * Level 11.3 Maces & Flails
 - Level 1.7 Throwing
 - Level 2.4 Dodging
 - Level 4.0 Shields
 + Level 6.6 Invocations


You had 9 spell levels left.
You didn't know any spells.
Your spell library contained the following spells:

 Spells                   Type           Power        Failure   Level  Hunger
 Confusing Touch          Hex            #.....       99%         1    ##.....
 Confuse                  Hex            #.......     100%        3    ####...
 Gell's Gravitas          Tloc           #.........   100%        3    ####...
 Petrify                  Tmut/Erth      #.......     100%        4    #####..
 Metabolic Englaciation   Hex/Ice        #.........   100%        5    ######.
 Yara's Violent Unravell  Hex/Tmut       #.........   100%        5    ######.


Dungeon Overview and Level Annotations

Branches:
Dungeon (8/15)             Temple (1/1) D:4         Ossuary (visited)
   Lair: D:8-11

Altars:
Ashenzari
Cheibriados
Dithmenos
Elyvilon
Fedhas
Gozag
Kikubaaqudgha
Makhleb
Nemelex Xobeh
Okawaru
Qazlal
Ru
Sif Muna
Trog
Uskayaw
Wu Jian
Xom
Yredelemnul
Zin
The Shining One

Shops:
D:5 %*(*   D:7 (


Innate Abilities, Weirdness & Mutations

You are resistant to torment.
Your stone body is resilient. (AC +7)
You are immune to poison.
You resist negative energy. (rN+)
You are resistant to electric shocks. (rElec)
You can survive without breathing.
You are immune to petrification.
You are immune to rotting.


Message History

You kill the orc wizard!
Things that are here:
a +0 dagger; a +0 robe; an orc corpse You butcher the orc corpse.
H - 5 chunks of flesh (gained 1)
Things that are here:
a +0 dagger; a +0 robe; an orc skeleton
Things that are here:
a +0 dagger; a +0 robe; an orc skeleton You butcher the worker ant corpse.
H - 6 chunks of flesh (gained 1)
Things that are here:
a +0 mace; a +0 dagger; a +0 robe
Things that are here:
a +0 mace; a +0 dagger; a +0 robe You feel yourself speed up.
You open the door.
There is an open door here.
You open the door.
There is an open door here.
You open the door.
You see here a +0 dagger.
Key pressed, stopping explore.
A two-headed ogre comes into view.
It is wielding a +0 dire flail and a +0 giant club.
The two-headed ogre shouts in stereo!
A two-headed ogre is nearby!
A two-headed ogre is nearby!
You hit the two-headed ogre. You freeze the two-headed ogre.
The two-headed ogre hits you with a +0 dire flail!
The two-headed ogre hits you but does no damage.
You hit the two-headed ogre. You freeze the two-headed ogre.
The two-headed ogre hits you but does no damage.
You block the two-headed ogre's attack.
You slash the two-headed ogre! You freeze the two-headed ogre.
You hit the two-headed ogre. You freeze the two-headed ogre.
The two-headed ogre hits you with a +0 dire flail.
The two-headed ogre hits you but does no damage.
You slash the two-headed ogre! You freeze the two-headed ogre.
The two-headed ogre hits you with a +0 dire flail!
The two-headed ogre hits you with a +0 giant club!
You hit the two-headed ogre. You freeze the two-headed ogre.
The two-headed ogre hits you with a +0 dire flail.
* * * LOW HITPOINT WARNING * * *
The two-headed ogre hits you with a +0 giant club!
* * * LOW HITPOINT WARNING * * *
You hit the two-headed ogre. You freeze the two-headed ogre.
You hit the two-headed ogre. You freeze the two-headed ogre.
You block the two-headed ogre's attack.
The two-headed ogre hits you with a +0 giant club!!
You die...

..#
#......#.#.#..####........#
..#
#......#.#.#..............#
..#
#......#.#.#..............#
..#
########...#..............#
#### ##..#........##+######
...# #..#..########.#....#
...# ##.#<.###### #.#.##.#
...# #.#........ #.#..#.#
)..# #..@O...... #.#.##..
...# #..#....... #.......
)).# ##......... #....)..
...# ##......## #...÷<..
##.# ......# #....... #.#
......# ##....#. #.#
..##### #.##.#. #.# ..#
#.##.#. #.# #....##


You could see a two-headed ogre.

Vanquished Creatures
  Erica (D:8)
  Pikel (D:6)
  A hippogriff (D:8)
  A wyvern (D:6)
  Menkaure (D:4)
  Duvessa (D:6)
  An orc warrior (D:8)
  3 ice beasts
  2 phantoms
  A necrophage (D:8)
  A black bear (D:6)
  2 sky beasts
  2 ogres (D:8)
  2 centaurs
  6 bullfrogs
  3 scorpions
  3 howler monkeys
  4 crimson imps
  7 hounds
  3 orc priests
  A bullfrog skeleton (D:5)
  A jelly (D:7)
  8 orc wizards
  Terence (D:2)
  3 iguanas
  Natasha (thrice) (D:2)
  10 worker ants
  5 big kobold zombies (Ossuary)
  3 hound zombies
  2 hound skeletons (D:5)
  A mummy (Ossuary)
  4 gnolls (D:4)
  12 adders
  A shadow imp (D:6)
  An adder zombie (D:8)
  2 adder skeletons (D:4)
  5 worms
  2 dart slugs
  A leopard gecko (D:2)
  24 orcs
  A giant cockroach (D:8)
  7 gnoll zombies (Ossuary)
  7 goblins
  6 hobgoblins
  15 jackals
  4 quokkas
  3 ball pythons
  A ball python skeleton (D:5)
  9 bats
  A bat simulacrum (Ossuary)
  3 frilled lizards
  A giant cockroach zombie (D:5)
  A goblin simulacrum (Ossuary)
  6 goblin zombies (Ossuary)
  5 hobgoblin zombies (Ossuary)
  6 kobolds
  2 kobold simulacra (Ossuary)
  6 kobold zombies (Ossuary)
  An orc zombie (Ossuary)
  11 rats
  5 spectral goblins (Ossuary)
  5 spectral kobolds (Ossuary)
  6 spectral rats (Ossuary)
248 creatures vanquished.

Vanquished Creatures (others)
  Dowan (D:6)
  An orc priest (D:6)
  An orc (D:6)
  3 jackals (D:6)
6 creatures vanquished.

Grand Total: 254 creatures vanquished

Notes
Turn   | Place    | Note
-------+----------+-------------------------------------------
     0 | D:1      | LostNumber the Gargoyle Gladiator began the quest for the
                  | Orb.
     0 | D:1      | Reached XP level 1. HP: 12/12 MP: 1/1
   142 | D:1      | Reached XP level 2. HP: 16/18 MP: 2/2
   929 | D:2      | Noticed Terence
   935 | D:1      | Reached XP level 3. HP: 20/22 MP: 3/3
  1118 | D:2      | Found a burning altar of Makhleb.
  1127 | D:2      | Reached skill level 4 in Maces & Flails
  1127 | D:2      | Reached skill level 1 in Shields
  1127 | D:2      | Reached XP level 4. HP: 27/28 MP: 4/4
  2272 | D:2      | Killed Terence
  2272 | D:2      | Reached XP level 5. HP: 32/32 MP: 5/5
  2296 | D:2      | Noticed Natasha
  2303 | D:2      | Killed Natasha
  2492 | D:2      | Noticed Natasha
  2504 | D:2      | Killed Natasha
  2598 | D:2      | Noticed Natasha
  2604 | D:2      | Killed Natasha
  2604 | D:2      | Reached skill level 5 in Maces & Flails
  2689 | D:3      | Reached XP level 6. HP: 24/38 MP: 6/6
  3664 | D:4      | Noticed Menkaure
  3676 | D:4      | Killed Menkaure
  3676 | D:4      | Reached skill level 6 in Maces & Flails
  3676 | D:4      | Reached XP level 7. HP: 40/44 MP: 7/7
  4012 | D:4      | Found a staircase to the Ecumenical Temple.
  4021 | Temple   | Entered the Ecumenical Temple
  4064 | Temple   | Became a worshipper of the Shining One
  4101 | D:5      | Entered Level 5 of the Dungeon
  4257 | D:5      | Reached skill level 5 in Fighting
  4359 | D:5      | Reached skill level 7 in Maces & Flails
  4359 | D:5      | Reached XP level 8. HP: 38/49 MP: 8/8
  4474 | D:5      | Found a sand-covered staircase.
  4481 | Ossuary  | Entered an ossuary
  4483 | Ossuary  | Reached * piety under the Shining One
  4530 | Ossuary  | Reached ** piety under the Shining One
  4678 | Ossuary  | Reached *** piety under the Shining One
  4712 | Ossuary  | Reached **** piety under the Shining One
  4761 | Ossuary  | Reached skill level 1 in Invocations
  4849 | D:5      | Found Kamm's General Store.
  4855 | D:5      | Found Ogracuoc's Weapon Boutique.
  4855 | D:5      | Found Loustr Ipaum's Food Boutique.
  4863 | D:5      | Found Utzoluge's General Store.
  4873 | D:5      | Bought a potion of lignification for 39 gold pieces
  5070 | D:5      | Reached skill level 8 in Maces & Flails
  5343 | D:6      | Reached ***** piety under the Shining One
  5353 | D:6      | Noticed Pikel
  5369 | D:6      | Killed Pikel
  5369 | D:6      | Reached skill level 9 in Maces & Flails
  5369 | D:6      | Reached XP level 9. HP: 43/56 MP: 11/11
  5442 | D:6      | Found a shimmering blue altar of Sif Muna.
  5442 | D:6      | Found a hide-covered altar of Uskayaw.
  5466 | D:6      | Found a bloodstained altar of Trog.
  5466 | D:6      | Found an opulent altar of Gozag.
  5889 | D:6      | Noticed Duvessa
  5890 | D:6      | Noticed Dowan
  5905 | D:6      | Killed Duvessa
  5922 | D:6      | Killed Dowan
  6445 | D:7      | Reached skill level 10 in Maces & Flails
  6454 | D:7      | Found Hudiett's Antique Weapon Emporium.
  6496 | D:7      | Reached skill level 5 in Invocations
  6744 | D:7      | Reached XP level 10. HP: 64/64 MP: 14/14
  7243 | D:8      | Noticed Erica
  7260 | D:8      | Killed Erica
  7260 | D:8      | Reached skill level 11 in Maces & Flails
  7589 | D:8      | Noticed a two-headed ogre
  7598 | D:8      | Slain by a two-headed ogre

Levels and vault maps discovered:
D:1:      dpeg_arrival_chambers_temple_mockup, layout_basic
D:2:      layout_basic, makhleb_blood_cavern_becter, serial_rivers,
          chequers_serial_rivers_micro_a, chequers_serial_rivers_micro_d,
          chequers_serial_rivers_marsh, chequers_serial_rivers_small_3,
          chequers_serial_rivers_micro_a, uniq_natasha, uniq_terence
D:3:      layout_loops_ring
D:4:      layout_cave_pools, minmay_temple_entry_poolview, first_ration,
          minmay_box_of_dots, uniq_menkaure
D:5:      minmay_opposing_rooms, layout_loops_ring,
          nicolae_ossuary_entry_monument, minmay_shop_grid_forest,
          kennysheep_generic_room_9
D:6:      layout_loops_cross, chequers_temple_overflow_statue_of_worship,
          uniq_pikel, uniq_duvessa
D:7:      layout_loops_ring, serial_shops, kennysheep_mini_moat
D:8:      layout_basic, uniq_erica
Temple:   nicolae_temple_x_marks_the_god

Skill      XL: |  1  2  3  4  5  6  7  8  9 10 |
---------------+-------------------------------+-----
Fighting       | 3 4 5 6 7 8 |  8.8
Maces & Flails | 4 5 6 7 9 10 11 | 11.3
Shields        | 1 2 3 4 |  4.0
Invocations    | 3 5 6 |  6.6
Throwing       | |  1.7
Dodging        | |  2.4

Action                   |  1- 3 |  4- 6 |  7- 9 | 10-12 || total
-------------------------+-------+-------+-------+-------++-------
Melee: Flail             |    14 |       |       |       ||    14
       Whip              |    60 |    69 |       |       ||   129
       Hand axe          |       |   133 |   411 |   127 ||   671
Invok: Divine Shield     |       |       |     2 |     1 ||     3
Evoke: Wand              |       |       |     1 |       ||     1
  Use: Scroll            |     4 |       |     6 |       ||    10
       Potion            |       |     2 |       |     1 ||     3
  Eat: Chunk             |     1 |     8 |     8 |     2 ||    19
       Ration            |       |       |     1 |       ||     1
Armor: Leather armour    |    27 |    46 |       |       ||    73
       Chain mail        |       |    46 |   187 |    57 ||   290
       Skin              |       |       |       |     8 ||     8
Dodge: Dodged            |    64 |    79 |   114 |    35 ||   292
Block: Buckler           |       |    19 |    65 |    21 ||   105
